 Dungeon Crawl Stone Soup version 0.25.0-33-gff14898491 (webtiles) character file.

Game seed: 9446801026058587971

550 lepoulpe303 the Sneak (level 7, 0/32 HPs)
             Began as a Spriggan Enchanter on July 6, 2020.
             Slain by a sky beast (5 damage)
             ... on level 4 of the Dungeon.
             The game lasted 00:27:58 (5207 turns).

lepoulpe303 the Sneak (Spriggan Enchanter)          Turns: 5207, Time: 00:27:59

Health: 0/32       AC:  3    Str:  4    XL:     7   Next: 7%
Magic:  16/16      EV: 19    Int: 19    God:
Gold:   79         SH:  0    Dex: 16    Spells: 4/16 levels left

rFire    . . .     SeeInvis +   a - +0 short sword (venom)
rCold    . . .     Gourm    .   (shield restricted)
rNeg     . . .     Faith    .   r - +0 robe
rPois    .         Spirit   .   (helmet restricted)
rElec    .         Reflect  .   t - +0 cloak
rCorr    .         Harm     .   (gloves unavailable)
MR       +....                  (boots unavailable)
Stlth    +++.......             (no amulet)
HPRegen  0.10/turn              (no ring)
MPRegen  0.15/turn              (no ring)

@: very quick
A: very small, unfitting armour, see invisible, herbivore, speed 3, slow
metabolism 2
a: no special abilities


You were on level 4 of the Dungeon.
You were not hungry.

You visited 1 branch of the dungeon, and saw 5 of its levels.

You collected 151 gold pieces.
You spent 72 gold pieces at shops.

Inventory:

Hand Weapons
 a - a +0 short sword of venom (weapon)
 b - a +1 dagger of speed
Missiles
 l - 12 poisoned darts (quivered)
Armour
 o - a +0 buckler
 r - a +0 robe (worn)
 t - a +0 cloak (worn)
Wands
 f - a wand of paralysis (8)
Scrolls
 c - 2 scrolls of amnesia {unknown}
 g - a scroll of enchant armour {unknown}
 i - 5 scrolls of identify
 m - 4 scrolls of teleportation {unknown}
 n - 2 scrolls of fear {unknown}
 p - a scroll of magic mapping {unknown}
 w - 4 scrolls of remove curse
Potions
 d - a potion of might
 h - 2 potions of resistance {unknown}
 j - 3 potions of flight
 k - a potion of mutation {unknown}
 q - a potion of berserk rage {unknown}
 s - a potion of haste {unknown}
Comestibles
 e - 8 rations


   Skills:
 + Level 0.6 Fighting
 * Level 2.1 Short Blades
 + Level 3.4 Dodging
 + Level 6.5 Stealth
 + Level 1.4 Shields
 + Level 5.4 Spellcasting
 * Level 6.3 Hexes


You had 4 spell levels left.
You knew the following spells:

 Your Spells              Type           Power        Failure   Level  Hunger
a - Ensorcelled Hibernat  Hex/Ice        ###...       4%          2    None
b - Tukima's Dance        Hex            ####....     2%          3    ##.....
c - Confusing Touch       Hex            ####....     2%          3    ##.....
d - Dazzling Flash        Conj/Hex       ###...       10%         3    ##.....
v - Corona                Hex            ####...      1%          1    None

Your spell library contained the following spells:

 Spells                   Type           Power        Failure   Level  Hunger


Dungeon Overview and Level Annotations

Branches:
Dungeon (5/15)
 Temple: D:4-7

Altars:
Elyvilon
Hepliaklqana
Sif Muna
Zin
The Shining One

Shops:
D:3 *   D:4 ((

Annotations:
D:4 1 exclusion


Innate Abilities, Weirdness & Mutations

You are very small and have problems with some larger weapons.
You are too small for most types of armour.
You have supernaturally acute eyesight. (SInv)
You are a herbivore.
You cover ground extremely quickly.
You need to consume almost no food.


Message History

You closely miss the sky beast. The sky beast completely misses you.
Unknown command.
You closely miss the sky beast. The sky beast hits you.
The sky beast shocks you.
* * * LOW HITPOINT WARNING * * *
You take 6 damage, and have 17/32 hp.
You completely miss the sky beast. You hit the sky beast but do no damage.
The sky beast barely misses you.
You barely miss the sky beast. The sky beast hits you.
* * * LOW HITPOINT WARNING * * *
The sky beast shocks you.
* * * LOW HITPOINT WARNING * * *
You take 10 damage, and have 8/32 hp.
MASSIVE DAMAGE!!
You hit the sky beast but do no damage.
The sky beast looks as sick as possible!
The sky beast hits you.
* * * LOW HITPOINT WARNING * * *
The sky beast shocks you.
You die...

#.###.####### ## #.#
#.......####.
#.#########.#.#.. #.......#
#.#..._ #######.# #.#.#..
##########....###.'.##.
#.....≈...........#..##
#....>Y..........<#....
#.[...@................
########......................
#....................#........
#......................#......
#..........###.....∩...#...#..
#..........# #.........#.#.###
#..........# #..^...(.##......
#..........# #....=...#####...
#..........# ########## ##..#


You could see a sky beast (extremely poisoned).

Levels and vault maps discovered:
D:1:      elethiomel_arrival_infinity_welcomes_careful_drivers, layout_basic
D:2:      layout_basic, nicolae_overflow_hidden_temple, tso_altar,
          marbit_many_paths, uniq_robin
D:3:      layout_basic, zin_purify, gammafunk_ghost_grave, patterned_corridor
D:4:      layout_basic, led_sif_book, serial_shops, shop,
          nicolae_shop_window_shopping, shop, hangedman_abyss_or_decor_stagger,
          corexii_item_surrounded_by_moat
D:5:      layout_basic, minmay_temple_entry_offerings, first_ration,
          item_on_display_a, uniq_grinder, uniq_duvessa

Notes
Turn   | Place    | Note
-------+----------+-------------------------------------------
     0 | D:1      | lepoulpe303 the Spriggan Enchanter began the quest for the
                  | Orb.
     0 | D:1      | Reached XP level 1. HP: 9/9 MP: 5/5
   179 | D:1      | Identified a +2 vampiric whip
   213 | D:1      | Reached skill level 3 in Spellcasting
   306 | D:1      | Identified a +1 dagger
   419 | D:1      | Identified a +0 dagger
   422 | D:1      | Reached XP level 2. HP: 13/13 MP: 7/7
   427 | D:1      | Reached skill level 4 in Hexes
   560 | D:1      | Identified a cursed -3 club
   715 | D:1      | Learned a level 2 spell: Ensorcelled Hibernation
   879 | D:1      | Identified a +0 club
  1098 | D:2      | Identified a +0 club
  1099 | D:2      | Identified a +0 club
  1099 | D:2      | Identified a +0 club
  1099 | D:2      | Identified a +1 dagger of speed
  1130 | D:2      | Identified a +2 spear of venom
  1130 | D:2      | Identified a +0 animal skin
  1130 | D:2      | Identified a +0 helmet
  1130 | D:2      | Noticed Robin
  1151 | D:2      | Killed Robin
  1151 | D:2      | Reached XP level 3. HP: 12/16 MP: 9/9
  1417 | D:2      | Reached skill level 5 in Stealth
  1448 | D:2      | Identified a +0 club
  1550 | D:2      | Identified a +0 whip
  1805 | D:2      | Identified a cursed +0 short sword
  1985 | D:2      | Identified a +0 whip
  1997 | D:2      | Reached XP level 4. HP: 13/21 MP: 10/10
  2002 | D:2      | Learned a level 3 spell: Confusing Touch
  2006 | D:2      | Learned a level 3 spell: Tukima's Dance
  2019 | D:2      | Found a glowing golden altar of the Shining One.
  2284 | D:2      | Reached skill level 4 in Spellcasting
  2288 | D:2      | Found a white marble altar of Elyvilon.
  2387 | D:2      | Found a hazy altar of Hepliaklqana.
  2527 | D:3      | Identified a +0 flail
  2527 | D:3      | Identified a +0 scale mail
  2533 | D:3      | Identified a cursed -1 flail
  2533 | D:3      | Identified a +0 club
  2558 | D:3      | Identified a +0 war axe
  2611 | D:3      | Identified a +0 ring mail
  2731 | D:3      | Upgraded the game from 0.25.0-26-g0c896c7088 to
                  | 0.25.0-33-gff14898491
  2848 | D:3      | Identified a +0 dagger
  2936 | D:3      | Identified a +0 club
  2976 | D:3      | Reached skill level 5 in Hexes
  3000 | D:3      | Identified a +0 club
  3005 | D:3      | Reached XP level 5. HP: 24/24 MP: 10/12
  3006 | D:3      | Identified a +0 club
  3007 | D:3      | Identified a +0 dagger
  3007 | D:3      | Identified a +0 robe
  3010 | D:3      | Found Zin's Purification Station.
  3012 | D:3      | Found a glowing silver altar of Zin.
  3197 | D:3      | Found a runed translucent door.
  3198 | D:3      | Noticed SamuraiZach's ghost (amateur TrAK)
  3546 | D:3      | Identified 5 scrolls of remove curse
  3547 | D:3      | Identified 4 scrolls of identify
  3547 | D:3      | Identified 3 potions of flight
  3548 | D:3      | Identified a potion of might
  3587 | D:4      | Identified a +0 club
  3754 | D:4      | Reached skill level 1 in Shields
  3810 | D:4      | Identified a +0 dagger
  3810 | D:4      | Identified a +0 robe
  3810 | D:4      | Identified a +0 club
  3810 | D:4      | Identified a +0 dagger
  3810 | D:4      | Identified a +0 robe
  3953 | D:3      | Killed SamuraiZach's ghost
  3953 | D:3      | Reached skill level 6 in Stealth
  3953 | D:3      | Reached skill level 5 in Spellcasting
  3953 | D:3      | Reached XP level 6. HP: 12/28 MP: 11/14
  4135 | D:3      | Identified a +0 buckler (You found it on level 2 of the
                  | Dungeon)
  4208 | D:4      | Found Mahyreod's Magic Scroll Shoppe.
  4430 | D:4      | Reached skill level 6 in Hexes
  4627 | D:4      | Identified a +0 giant club
  4640 | D:4      | Reached skill level 2 in Short Blades
  4640 | D:4      | Reached XP level 7. HP: 21/32 MP: 1/16
  4645 | D:4      | Learned a level 3 spell: Dazzling Flash
  4775 | D:4      | Found Hoppan Siucw's Weapon Shop.
  4783 | D:4      | Found Togicsol's Weapon Emporium.
  4786 | D:4      | Bought a +0 short sword of venom for 72 gold pieces
  4791 | D:4      | Identified a ring of attention (You found it on level 4 of
                  | the Dungeon)
  4830 | D:4      | Found a shimmering blue altar of Sif Muna.
  4836 | D:4      | Identified a +0 dagger
  4836 | D:4      | Identified a +0 robe
  4836 | D:4      | Identified a +0 dagger
  4836 | D:4      | Identified a +0 robe
  5169 | D:4      | Identified a +0 cloak (You found it on level 4 of the
                  | Dungeon)
  5190 | D:5      | Entered Level 5 of the Dungeon
  5206 | D:4      | HP: 8/32 [sky beast (6)]
  5207 | D:4      | Slain by a sky beast

Table legend:
 A = Turns spent in this place as a percentage of turns spent in the entire game.
 B = Non-inter-level travel turns spent in this place as a percentage of non-inter-level travel turns spent in the entire game.
 C = Inter-level travel turns spent in this place as a percentage of turns spent in this place.
 D = Turns resting spent in this place as a percentage of non-inter-level travel turns spent in this place.
 E = Turns spent auto-exploring this place as a percentage of non-inter-level travel turns spent in this place.
 F = Non-inter-level travel turns spent in this place divided by the number of levels of this place that you've seen.
                   A       B       C       D       E      F
               +-------+-------+-------+-------+-------+----------------------
         Total | 100.0 | 100.0 |   5.7 |  36.8 |  41.0 | 982.2
       Dungeon | 100.0 | 100.0 |   5.7 |  36.8 |  41.0 | 982.2
               +-------+-------+-------+-------+-------+----------------------

Table legend:
 A = Kills in this place as a percentage of kills in entire the game.
 B = Kills by you in this place as a percentage of kills by you in the entire game.
 C = Kills by friends in this place as a percentage of kills by friends in the entire game.
 D = Other kills in this place as a percentage of other kills in the entire game.
 E = Experience gained in this place as a percentage of experience gained in the entire game.
 F = Experience gained in this place divided by the number of levels of this place that you have seen.
                   A       B       C       D       E      F
               +-------+-------+-------+-------+-------+----------------------
         Total | 100.0 | 100.0 |   N/A |   N/A | 100.0 | 157.4
       Dungeon | 100.0 | 100.0 |   N/A |   N/A | 100.0 | 157.4
               +-------+-------+-------+-------+-------+----------------------

Skill      XL: |  1  2  3  4  5  6 |
---------------+-------------------+-----
Spellcasting   | 3 4 5 |  5.4
Hexes          | 4 5 6 |  6.3
Stealth        | 5 6 |  6.5
Shields        | 1 |  1.4
Short Blades   | 2 |  2.1
Fighting       | |  0.6
Dodging        | |  3.4

Action                   |  1- 3 |  4- 6 |  7- 9 || total
-------------------------+-------+-------+-------++-------
Melee: Dagger            |   167 |   174 |     4 ||   345
       Short sword       |       |       |    10 ||    10
Throw: Dart              |    14 |       |       ||    14
 Cast: Corona            |     1 |       |       ||     1
       Ensorcelled Hiber |     3 |    36 |     2 ||    41
       Confusing Touch   |       |     3 |       ||     3
       Dazzling Flash    |       |       |     1 ||     1
Evoke: Wand              |       |       |     2 ||     2
  Use: Scroll            |       |     3 |     1 ||     4
 Stab: Sleeping          |    11 |    22 |       ||    33
       Distracted        |       |     1 |       ||     1
       Confused          |       |     5 |       ||     5
  Eat: Ration            |       |     2 |       ||     2
Armor: Robe              |     9 |    10 |     2 ||    21
Dodge: Dodged            |    86 |   104 |    10 ||   200

Vanquished Creatures
  The ghost of SamuraiZach the Ruffian, an amateur TrAK of Lugonu (D:3)
  An ogre (D:4)
  A howler monkey (D:4)
  An orc priest (D:4)
  2 iguanas
  3 orc wizards
  A worker ant (D:4)
  Robin (D:2)
  6 adders
  An ooze (D:2)
  A dart slug (D:1)
  2 leopard geckos
  7 orcs
  7 bats
  4 giant cockroaches
  12 goblins
  10 hobgoblins
  4 jackals (D:4)
  6 kobolds
  2 quokkas
  7 frilled lizards
  A leopard gecko skeleton (D:4)
  7 rats
88 creatures vanquished.

Vanquished Creatures (others)
  2 withered plants (D:3)
2 creatures vanquished.

Grand Total: 90 creatures vanquished
